[Event "*** Titled Tuesday Blitz"]
[Site "Chess.com"]
[Date "2020.11.24"]
[Round "1"]
[White "amintabatabaei"]
[Black "TheCavemanChesss"]
[Result "1-0"]
[WhiteElo "2960"]
[BlackElo "2457"]
[TimeControl "180+1"]
[EndTime "10:19:59 PST"]
[Termination "amintabatabaei won by resignation"]

1. d4 Nf6 2. Nf3 d5 3. Bf4 e6 4. e3 c5 5. Be2 Bd6 6. dxc5 Bxc5 7. O-O O-O 8. c4 Nc6 9. Nc3 dxc4 10. Bxc4 Qe7 11. a3 a6 12. b4 Rd8 13. Qe2 Ba7 14. Bg5 h6 15. Bh4 b5 16. Bd3 Bb7 17. Rfd1 Rac8 18.
Rac1 g5 19. Bg3 Nh5 20. Ne4 Nxg3 21. hxg3 Nb8 22. Rxc8 Rxc8 23. Nd6 Rc7 24. Ne5 f6 25. Nef7 Rd7 26. Qh5 1-0

[Event "*** Titled Tuesday Blitz"]
[Site "Chess.com"]
[Date "2020.11.24"]
[Round "1"]
[White "THE_PLAYER6"]
[Black "Aleksey_Sorokin"]
[Result "0-1"]
[WhiteElo "2415"]
[BlackElo "2811"]
[TimeControl "180+1"]
[EndTime "10:20:01 PST"]
[Termination "Aleksey_Sorokin won by resignation"]

1. d4 Nf6 2. c4 g6 3. Nc3 d5 4. Nf3 Bg7 5. cxd5 Nxd5 6. e4 Nxc3 7. bxc3 c5 8. Bb5+ Bd7 9. Be2 Bg4 10. Rb1 O-O 11. O-O Qc7 12. h3 Bxf3 13. Bxf3 Rd8 14. Be3 Nd7 15. Qb3 Rab8 16. Rfc1 b5 17. e5 e6 18. a4 a6 19. Qa2 Qa5 20. Ra1 b4 21. cxb4 cxb4 22. Qb3 Rdc8 23. Bd2 Bf8 24. Bc6 Qd8 25. a5 Nxe5 26. dxe5 Qxd2 27. Bf3 Rxc1+ 0-1

[Event "*** Titled Tuesday Blitz"]
[Site "Chess.com"]
[Date "2020.11.24"]
[Round "1"]
[White "jefferyx"]
[Black "Euwe1234"]
[Result "1-0"]
[WhiteElo "2943"]
[BlackElo "2454"]
[TimeControl "180+1"]
[EndTime "10:20:02 PST"]
[Termination "jefferyx won by resignation"]

1. d4 d5 2. c4 c6 3. Nf3 e6 4. Bg5 Nf6 5. e3 Bd6 6. Nc3 Nbd7 7. Bd3 O-O 8. O-O h6 9. Bh4 dxc4 10. Bxc4 e5 11.
Bxf6 gxf6 12. Nh4 Nb6 13. Bd3 exd4 14. Bf5 dxc3 15. Qg4+ Kh8 16. Qh5 Kg7 17. Qg4+ Kh8 18. Qh5 Kg7 19. Bxc8 Rh8 20. Nf5+ Kf8 21. Bxb7 Rb8 22.
Rad1 Bxh2+ 23. Qxh2 1-0

[Event "*** Titled Tuesday Blitz"]
[Site "Chess.com"]
[Date "2020.11.24"]
[Round "1"]
[White "Bathory44"]
[Black "PawnEatingZombie"]
[Result "1-0"]
[WhiteElo "2557"]
[BlackElo "2256"]
[TimeControl "180+1"]
[EndTime "10:20:05 PST"]
[Termination "Bathory44 won by resignation"]

1. e4 c6 2. c4 d5 3. cxd5 cxd5 4. exd5 Nf6 5. Qa4+ Nbd7 6. Nc3 g6 7. Nf3 Bg7 8. Bc4 O-O 9. d3 Nb6 10. Qb3 Nxc4 11.
dxc4 e6 12. O-O exd5 13. cxd5 Bg4 14. Ne5 Bf5 15. Re1 Nd7 16. Nxd7 Qxd7 17. Be3 b6 18.
Rad1 Rac8 19. Bd4 Rfe8 20. Bxg7 Kxg7 21. Qb4 Rcd8 22. h3 h5 23. Qd4+ Kg8 24. Re5 Rxe5 25. Qxe5 Re8 26. Qf4 b5 27. d6 a5 28. Nd5 Kg7 29.
Qd4+ 1-0

[Event "*** Titled Tuesday Blitz"]
[Site "Chess.com"]
[Date "2020.11.24"]
[Round "1"]
[White "Zkid"]
[Black "margarita_2703"]
[Result "1-0"]
[WhiteElo "2790"]
[BlackElo "2407"]
[TimeControl "180+1"]
[EndTime "10:20:06 PST"]
[Termination "Zkid won by checkmate"]

1. e4 e5 2. Nf3 Nf6 3. Nxe5 d6 4.
Nf3 Nxe4 5. Nc3 Nxc3 6. dxc3 Nc6 7. Be3 Be6 8. Qd2 Be7 9. h4 Qd7 10. h5 h6 11. Bb5 Bf6 12. O-O-O a6 13. Bxc6 Qxc6 14. Bd4 Bxd4 15. Nxd4 Qd7 16. Qe3 O-O-O 17. Nxe6 Qxe6 18. Qa7 Qxa2 19. Qa8+ Kd7 20. Qxb7 Rb8 21. Rxd6+ Kxd6 22. Rd1+ Ke6 23. Qc6+ Kf5 24. g4+ Kg5 25. f4+ Kxg4 26. Rg1+ Kxf4 27. Rf1+ Ke3 28. Qf3# 1-0

[Event "*** Titled Tuesday Blitz"]
[Site "Chess.com"]
[Date "2020.11.24"]
[Round "1"]
[White "Arkady_Gitelson"]
[Black "Marina_Chess_Rus"]
[Result "1-0"]
[WhiteElo "2582"]
[BlackElo "2283"]
[TimeControl "180+1"]
[EndTime "10:20:06 PST"]
[Termination "Arkady_Gitelson won on time"]

1. Nf3 d5 2. g3 Nf6 3. Bg2 c6 4. O-O Bg4 5. d4 e6 6. Nbd2 Bd6 7. Re1 Nbd7 8. e4 dxe4 9. Nxe4 Nxe4 10. Rxe4 Nf6 11.
Re1 O-O 12. c3 h6 13. Qb3 Qb6 14. Nd2 Bf5 15. Nc4 Qc7 16. Nxd6 Qxd6 17. Qxb7 Nd5 18. Qa6 Rfb8 19. Qe2 Qd7 20. a3 a5 21. c4 Nb6 22.
Bf4 Rb7 23. Rad1 Na4 24. Rd2 Rc8 25. d5 cxd5 26. cxd5 Ra7 27. dxe6 Qxe6 28. Qd1 Qc4 29. Rd4 Qc2 30. Rxa4 Qxd1 31. Rxd1 Bc2 32. Rc1 Rc5 33. Rd4 1-0

[Event "*** Titled Tuesday Blitz"]
[Site "Chess.com"]
[Date "2020.11.24"]
[Round "1"]
[White "Nikolakis2014"]
[Black "Lysiak_Poltorak"]
[Result "1-0"]
[WhiteElo "2705"]
[BlackElo "2372"]
[TimeControl "180+1"]
[EndTime "10:20:09 PST"]
[Termination "Nikolakis2014 won by resignation"]

1. Nf3 g5 2. d4 g4 3. Ne5 d6 4.
Nd3 Bg7 5. e3 Nf6 6. c4 O-O 7. Nc3 Nbd7 8. Be2 h5 9. h3 gxh3 10. Rxh3 Nb6 11. Rh2 Bg4 12. Bxg4 hxg4 13. b3 e5 14. d5 Qd7 15. e4 g3 16. fxg3 Qg4 17. Qf3 c6 18. Bd2 cxd5 19. cxd5 Rac8 20. Rh4 Qg6 21. Ke2 Rfe8 22. Rah1 Nbxd5 23. Nxd5 Nxd5 24. Rg4 Rc2 25. Rxg6 Nc3+ 26. Ke1 fxg6 27. Nb4 Rb2 28. Qxc3 Rb1+ 29. Bc1 d5 30. Nxd5 b5 1-0

[Event "*** Titled Tuesday Blitz"]
[Site "Chess.com"]
[Date "2020.11.24"]
[Round "1"]
[White "Mr_Heisenberg13"]
[Black "annacramling"]
[Result "1-0"]
[WhiteElo "2489"]
[BlackElo "2056"]
[TimeControl "180+1"]
[EndTime "10:20:09 PST"]
[Termination "Mr_Heisenberg13 won by resignation"]

1. e4 c5 2. Nf3 Nc6 3. d4 cxd4 4. Nxd4 Nf6 5. Nc3 e6 6. Ndb5 d6 7. Bf4 e5 8. Bg5 a6 9. Na3 b5 10. Bxf6 gxf6 11. Nd5 f5 12. g3 Bg7 13. Bg2 O-O 14. exf5 Bxf5 15. Ne3 Be6 16. Bxc6 Rc8 17. Bd5 b4 18.
Nac4 Rc5 19. Bxe6 fxe6 20. Qxd6 Qc8 21. b3 e4 22. Rd1 Bc3+ 23. Ke2 Rf7 24. Qd8+ Qxd8 25.
Rxd8+ Kg7 26. Rhd1 Rh5 27. h4 Rh6 28. R1d7 Rf6 29.
Rxf7+ Rxf7 30. Rd6 Rf6 31. Rxa6 Kg6 32. g4 h5 33. g5 1-0

[Event "*** Titled Tuesday Blitz"]
[Site "Chess.com"]
[Date "2020.11.24"]
[Round "1"]
[White "Tsyhanchuk_Stanislav"]
[Black "Nikolaj_6"]
[Result "0-1"]
[WhiteElo "2276"]
[BlackElo "2573"]
[TimeControl "180+1"]
[EndTime "10:20:11 PST"]
[Termination "Nikolaj_6 won on time"]

1. e4 c5 2. Nf3 e6 3. d4 cxd4 4.
Nxd4 Nc6 5. Nc3 a6 6. Be3 Qc7 7. Be2 Nf6 8. O-O Be7 9. Qd2 b5 10. f3 Bb7 11. Rad1 O-O 12. Kh1 Ne5 13. f4 Nc4 14. Bxc4 Qxc4 15. Qd3 Rac8 16. f5 b4 17. e5 bxc3 18. exf6 Bxf6 19. fxe6 fxe6 20. bxc3 Qxc3 21. Qe2 Qc4 22. Qg4 e5 23. Qxd7 exd4 24. Qxb7 dxe3 25.
Qd7 e2 0-1

[Event "*** Titled Tuesday Blitz"]
[Site "Chess.com"]
[Date "2020.11.24"]
[Round "1"]
[White "SophieNikoladze"]
[Black "IrishMonkey"]
[Result "0-1"]
[WhiteElo "2266"]
[BlackElo "2561"]
[TimeControl "180+1"]
[EndTime "10:20:12 PST"]
[Termination "IrishMonkey won by resignation"]

1. d4 Nf6 2. Nf3 c5 3. e3 b6 4. Bd3 Bb7 5. b3 Nc6 6. O-O e6 7. c4 cxd4 8. exd4 Be7 9. Nc3 Bb4 10. Bb2 Bxc3 11. Bxc3 d5 12. Ne5 h6 13. f4 Qd6 14.
Re1 Ne7 15. Qd2 O-O 16. Bb4 Qd8 17. f5 exf5 18. Bxe7 Qxe7 19. Ng6 Qc7 20. Nxf8 Rxf8 21. Bxf5 dxc4 22. Rac1 b5 23. bxc4 bxc4 24. Bd3 Ng4 25. g3 Bd5 26. Be4 Be6 27. d5 Qc5+ 28. Kg2 Rd8 29. Qf4 g5 30. Qf3 Rxd5 31. h3 Rd2+ 32.
Re2 Ne5 33. Qh5 Qe3 34. Re1 Qxe4+ 35. Kg1 Nf3+ 0-1

[Event "*** Titled Tuesday Blitz"]
[Site "Chess.com"]
[Date "2020.11.24"]
[Round "1"]
[White "2346PL"]
[Black "Fandorine"]
[Result "0-1"]
[WhiteElo "2432"]
[BlackElo "2860"]
[TimeControl "180+1"]
[EndTime "10:20:13 PST"]
[Termination "Fandorine won by resignation"]

1. d4 Nf6 2. Nc3 d5 3. Bf4 g6 4.
e3 Bg7 5. h4 h5 6. Nf3 Bg4 7.
Be2 Bxf3 8. Bxf3 c6 9. Qe2 Nbd7 10. O-O-O e6 11. e4 dxe4 12. Nxe4 Nxe4 13. Bxe4 Nf6 14. Be5 O-O 15. Bd3 Ng4 16. Bxg7 Kxg7 17. f3 Nf6 18. c3 Qb8 19. Kb1 Qf4 20. Rde1 Rad8 21. Bc2 b6 22. Qf2 c5 23. g3 Qd6 24.
Rd1 cxd4 25. Rxd4 Qc7 26. Rhd1 Rxd4 27. Rxd4 Rd8 28. f4 Qc5 29. Qd2 Rxd4 30. Qxd4 Qxd4 31. cxd4 Kf8 32. Kc1 Ke7 33. Kd2 Kd6 34. Ba4 Ne4+ 35. Ke3 Nxg3 36. Bc2 Nf5+ 37. Bxf5 gxf5 38. Kd3 Kd5 39.
b3 b5 40. a3 a5 41. Ke3 f6 42. Kd3 a4 43. bxa4 bxa4 44. Kc3 e5 45. dxe5 fxe5 46.
fxe5 Kxe5 47. Kb4 f4 0-1

[Event "*** Titled Tuesday Blitz"]
[Site "Chess.com"]
[Date "2020.11.24"]
[Round "1"]
[White "ajdemipopushi"]
[Black "Sviridov_Valery"]
[Result "0-1"]
[WhiteElo "2423"]
[BlackElo "2824"]
[TimeControl "180+1"]
[EndTime "10:20:14 PST"]
[Termination "Sviridov_Valery won by resignation"]

1. Nf3 g6 2. g3 Bg7 3. d4 Nf6 4. Bg2 O-O 5. c4 d6 6. Nc3 Nbd7 7.
O-O e5 8. e4 c6 9. h3 Re8 10. Re1 Qb6 11. dxe5 dxe5 12. Qc2 Qc7 13. Be3 a5 14. b3 Bf8 15. Rad1 Bc5 16. Qc1 b6 17.
Rd3 Bxe3 18. Qxe3 Nc5 19. Rd2 Qe7 20. Red1 Ra7 21. g4 Rd7 22. Rxd7 Nfxd7 23. Nh2 Nf8 24.
a3 Nxb3 25. Qxb6 Nd4 26. Qxa5 Nfe6 27. Nf3 Nxf3+ 28. Bxf3 Nf4 29. Bg2 h5 30. gxh5 Qg5 0-1

[Event "*** Titled Tuesday Blitz"]
[Site "Chess.com"]
[Date "2020.11.24"]
[Round "1"]
[White "IriBu"]
[Black "Nachsueb"]
[Result "1-0"]
[WhiteElo "2518"]
[BlackElo "2157"]
[TimeControl "180+1"]
[EndTime "10:20:14 PST"]
[Termination "IriBu won by resignation"]

1. e4 e6 2. d4 d5 3. Nc3 Bb4 4. Ne2 c5 5. a3 cxd4 6. axb4 dxc3 7. Nxc3 d4 8. Bb5+ Nc6 9. Ne2 e5 10. c3 Qb6 11. Bxc6+ bxc6 12. cxd4 Qxb4+ 13. Bd2 Qe7 14. dxe5 Qxe5 15. Bc3 Qg5 16. O-O Ne7 17. f4 Qg6 18. Qd4 f6 19. Ng3 O-O 20. Rxa7 Rxa7 21. Qxa7 Qf7 22. Rd1 Bg4 23. Rd2 Qe8 24. h3 Be6 25. Bb4 Rf7 26. Qb6 Rf8 27. Qc7 c5 28. Bxc5 Qa4 29.
Qxe7 Re8 30. Rd8 Qa1+ 31. Kh2 1-0

[Event "*** Titled Tuesday Blitz"]
[Site "Chess.com"]
[Date "2020.11.24"]
[Round "1"]
[White "OsorioFernando"]
[Black "tlomigtlis"]
[Result "1-0"]
[WhiteElo "2310"]
[BlackElo "2568"]
[TimeControl "180+1"]
[EndTime "10:20:17 PST"]
[Termination "OsorioFernando won by resignation"]

1. e4 c5 2. Nc3 d6 3. g3 g6 4. Bg2 Bg7 5. d3 Nc6 6. Be3 e6 7. Qd2 Nd4 8. Nd1 Ne7 9. c3 Ndc6 10. Bh6 O-O 11. h4 Ne5 12. Bxg7 Kxg7 13. h5 Rh8 14. h6+ Kf8 15. f4 N5c6 16. Nf3 f6 17. Ne3 Kf7 18. O-O-O Rf8 19. d4 cxd4 20. Nxd4 d5 21.
exd5 exd5 22. Nb5 Be6 23. Nxd5 a6 24. Nbc7 Rc8 25. Nxe6 Kxe6 26. Rhe1+ Kf7 27. Nxe7 Nxe7 28. Qe3 Qxd1+ 29. Rxd1 Rfe8 30. Rd7 Kf8 31. Qe6 1-0

[Event "*** Titled Tuesday Blitz"]
[Site "Chess.com"]
[Date "2020.11.24"]
[Round "1"]
[White "Sharpchess22"]
[Black "sasko1234"]
[Result "1-0"]
[WhiteElo "2804"]
[BlackElo "2411"]
[TimeControl "180+1"]
[EndTime "10:20:18 PST"]
[Termination "Sharpchess22 won by resignation"]

1. d4 e6 2. Nf3 d5 3. Bf4 f5 4. e3 Nf6 5. c4 c6 6. Nc3 Bd6 7. Bd3 O-O 8. O-O Ne4 9. Qc2 Qe7 10. Rab1 Nd7 11. Bxd6 Qxd6 12. b4 Nxc3 13. Qxc3 b6 14. c5 bxc5 15. bxc5 Qc7 16. Rb3 f4 17. e4 dxe4 18.
Bxe4 Nf6 19. Re1 Nd5 20. Qd3 g6 21. Reb1 a5 22. Ne5 Ba6 23. Qd2 a4 24. R3b2 Bb5 25. h3 Rad8 26. Bd3 f3 27. Bxb5 cxb5 28. Rxb5 fxg2 29.
Rb7 Qc8 30. Qh6 Nc7 31. Nxg6 hxg6 32. Qxg6+ Kh8 33. Qh5+ Kg8 34. Qg5+ Kh8 35. Qh4+ Kg8 36. Qg3+ 1-0

[Event "*** Titled Tuesday Blitz"]
[Site "Chess.com"]
[Date "2020.11.24"]
[Round "1"]
[White "Triumphmate"]
[Black "vugarrasulov"]
[Result "0-1"]
[WhiteElo "2438"]
[BlackElo "2877"]
[TimeControl "180+1"]
[EndTime "10:20:19 PST"]
[Termination "vugarrasulov won by resignation"]

1. e4 c5 2. Nf3 d6 3. d4 cxd4 4. Nxd4 Nf6 5. Nc3 Nc6 6. f4 e6 7. Nf3 Be7 8. Bd3 O-O 9. O-O a6 10. Kh1 Qc7 11. a3 b5 12. Qe1 Bb7 13. Bd2 b4 14.
axb4 Nxb4 15. Qg3 d5 16. e5 Ne4 17. Qh3 Nxd3 18. cxd3 Nxd2 19. Nxd2 a5 20. Rae1 a4 21. f5 exf5 22. Rxf5 Qd7 23. e6 fxe6 24. Rfe5 a3 25. bxa3 Bf6 26. Nf3 Rxa3 27. Rxe6 Bxc3 28. Rb1 Bc8 29.
Ng5 h6 0-1

[Event "*** Titled Tuesday Blitz"]
[Site "Chess.com"]
[Date "2020.11.24"]
[Round "1"]
[White "fearless_king2"]
[Black "exoticprincess"]
[Result "0-1"]
[WhiteElo "2441"]
[BlackElo "2901"]
[TimeControl "180+1"]
[EndTime "10:20:20 PST"]
[Termination "exoticprincess won by resignation"]

1. d4 Nf6 2. Bf4 b6 3. e3 Bb7 4. Nf3 d6 5. h3 Nbd7 6. Be2 e6 7. O-O Be7 8. c4 O-O 9. Nc3 Re8 10. Bh2 Bf8 11. a3 h6 12. b4 Ne4 13. Nxe4 Bxe4 14. Nd2 Bb7 15. Bf3 Qc8 16. e4 c5 17. d5 e5 18. Be2 Qc7 19. b5 Be7 20. Re1 Bg5 21. Nf1 Bf4 22. Ng3 Nf6 23. Bd3 Bc8 24. Nf5 Bxh2+ 25.
Kxh2 Bxf5 26. exf5 e4 27. Bc2 Re5 28. g4 a6 29. a4 Qe7 30. Re3 Nh7 31. Qe1 Ng5 32. Kg2 Nf3 33. Qb1 Nd2 34. Qe1 Nxc4 35. bxa6 Nxe3+ 36. Qxe3 Rxa6 37. Re1 Ra8 38. Qb3 Re8 39.
Re3 Qb7 40. a5 b5 41. Qa2 Qxd5 42. Bb3 c4 43. Bc2 Ra8 44. h4 b4 45. Qa4 b3 46.
Bb1 Rxa5 47. Qb4 Ra8 48. Rf3 exf3+ 0-1

[Event "*** Titled Tuesday Blitz"]
[Site "Chess.com"]
[Date "2020.11.24"]
[Round "1"]
[White "VSERGUEI"]
[Black "NotFischer"]
[Result "1-0"]
[WhiteElo "2517"]
[BlackElo "2141"]
[TimeControl "180+1"]
[EndTime "10:20:20 PST"]
[Termination "VSERGUEI won by resignation"]

1. d4 Nf6 2. c4 e6 3. Nc3 d5 4. cxd5 exd5 5. Bg5 Nbd7 6. e3 c6 7. Bd3 Be7 8. Nf3 O-O 9. Qc2 Re8 10. O-O Nf8 11. h3 g6 12. Rae1 Ne6 13. Bh6 Ng7 14.
g4 Bd6 15. a3 Bd7 16. b4 Rc8 17.
Kg2 a5 18. bxa5 Qxa5 19. Bg5 Ne4 20. Bxe4 dxe4 21. Nxe4 Rxe4 22. Qxe4 Qxa3 23. Ra1 Qc3 24. Rfc1 Qb2 25. Rcb1 Qc3 26. Rxb7 Qxa1 27. Rxd7 Qa3 28.
Bf4 Re8 29. Bxd6 Qxd6 30. Qxe8+ Nxe8 31. Rxd6 Nxd6 32. Ne5 1-0

[Event "*** Titled Tuesday Blitz"]
[Site "Chess.com"]
[Date "2020.11.24"]
[Round "1"]
[White "dennisodessa"]
[Black "HajduIstvanCM"]
[Result "0-1"]
[WhiteElo "2454"]
[BlackElo "1696"]
[TimeControl "180+1"]
[EndTime "10:20:26 PST"]
[Termination "HajduIstvanCM won by checkmate"]

1. d4 d5 2. c4 c6 3. Nf3 Nf6 4. Nbd2 Bf5 5. Nh4 Bg6 6. Qb3 Qd7 7. e3 e6 8. Nxg6 hxg6 9. Bd3 Bd6 10. Nf3 Qe7 11. Bd2 O-O 12. O-O b6 13. Rfd1 Nbd7 14. Rac1 Rac8 15. cxd5 exd5 16. Ba6 Rc7 17. Rc2 Nb8 18.
Bd3 Ne4 19. Rdc1 g5 20. h3 f5 21. Bxe4 fxe4 22. Ne5 Bxe5 23. dxe5 Qxe5 24. Bc3 Qf5 25. Bb4 Rf6 26. Rd1 g4 27. Rxd5 cxd5 28. Rxc7 Qxf2+ 29. Kh1 Qf1+ 30. Kh2 g3+ 31. Kxg3 Rg6+ 32. Kh4 Qf6+ 33. Kh5 Qg5# 0-1

[Event "*** Titled Tuesday Blitz"]
[Site "Chess.com"]
[Date "2020.11.24"]
[Round "1"]
[White "onnoelgersma"]
[Black "AlexeiShirov"]
[Result "0-1"]
[WhiteElo "2421"]
[BlackElo "2822"]
[TimeControl "180+1"]
[EndTime "10:20:29 PST"]
[Termination "AlexeiShirov won by resignation"]

1. e4 e5 2. Nf3 Nc6 3. Bb5 a6 4. Ba4 Nf6 5. d3 d6 6. a3 g6 7. c4 Bg7 8. Nc3 O-O 9. h3 Nd7 10. Bxc6 bxc6 11. O-O Nc5 12. Be3 Ne6 13. d4 exd4 14.
Nxd4 c5 15. Nxe6 Bxe6 16. Qd3 Rb8 17. Rab1 Rb3 18. Rfd1 Qb8 19. Qc2 Bxc4 20. f4 Qb7 21.
Bf2 Rb8 22. e5 Be6 23. Qe4 Qxe4 24. Nxe4 Bf5 25. exd6 cxd6 26. Rxd6 Bxe4 27. Rbd1 h5 0-1

[Event "*** Titled Tuesday Blitz"]
[Site "Chess.com"]
[Date "2020.11.24"]
[Round "1"]
[White "IMAghasiyevKamal"]
[Black "HrvojeZagreb"]
[Result "1-0"]
[WhiteElo "2543"]
[BlackElo "2239"]
[TimeControl "180+1"]
[EndTime "10:20:29 PST"]
[Termination "IMAghasiyevKamal won by resignation"]

1. e4 e6 2. d4 d5 3. Nc3 dxe4 4. Nxe4 Nd7 5. Nf3 Ngf6 6. Bd3 Nxe4 7. Bxe4 Nf6 8. Bd3 c5 9. dxc5 Bxc5 10. O-O Qc7 11. Qe2 O-O 12. Bg5 Nd5 13. Qe4 f5 14. Qh4 Nb4 15. Bf4 Qe7 16. Qg3 Nxd3 17. cxd3 Bd7 18. d4 Bb6 19. Bd6 Qe8 20. Bxf8 Qxf8 21. Ne5 Be8 22. Qb3 Qd6 23. Rad1 Bc7 24. f4 Bc6 25.
Nxc6 Qxc6 26. d5 exd5 27. Rxd5 Kh8 28. Rxf5 Re8 29. Qb5 Qe6 30. h3 Bb6+ 31. Kh1 h6 32. Re5 1-0

[Event "*** Titled Tuesday Blitz"]
[Site "Chess.com"]
[Date "2020.11.24"]
[Round "1"]
[White "BAS8892"]
[Black "kai_nov"]
[Result "1-0"]
[WhiteElo "2617"]
[BlackElo "2325"]
[TimeControl "180+1"]
[EndTime "10:20:33 PST"]
[Termination "BAS8892 won on time"]

1. d4 d5 2. Bf4 Nf6 3. e3 c5 4.
c3 Qb6 5. Qb3 c4 6. Qc2 g6 7. f3 Nh5 8. Be5 f6 9. Bxb8 Rxb8 10. e4 e5 11. exd5 exd4 12. Bxc4 dxc3 13. Nxc3 Bf5 14. Qe2+ Kd8 15. O-O-O Bh6+ 16. Rd2 Re8 17. Qd1 Rc8 18. Bb3 Qa5 19. Ne2 Nf4 20. Nxf4 Rxc3+ 21.
Bc2 Bxf4 22. bxc3 Qxc3 23. Kb1 Qb4+ 24. Kc1 Qa3+ 25. Kb1 1-0

[Event "*** Titled Tuesday Blitz"]
[Site "Chess.com"]
[Date "2020.11.24"]
[Round "1"]
[White "paperotto610"]
[Black "burbur555"]
[Result "0-1"]
[WhiteElo "2279"]
[BlackElo "2579"]
[TimeControl "180+1"]
[EndTime "10:20:33 PST"]
[Termination "burbur555 won by checkmate"]

1. b3 d5 2. Bb2 Bf5 3. e3 e6 4. Be2 Nf6 5. g4 Be4 6. f3 Bg6 7. h4 h5 8. g5 Nfd7 9. Nh3 e5 10. Nc3 c6 11. d4 Bd6 12. Qd2 Qe7 13. O-O-O a5 14. f4 e4 15. Nf2 Bf5 16. Na4 Bb4 17. Bc3 b5 18. Nc5 Nxc5 19. dxc5 Qxc5 20. Kb2 Bxc3+ 21. Qxc3 Qxc3+ 22. Kxc3 Nd7 23. a3 g6 24. b4 axb4+ 25. axb4 Ra3+ 26. Kd4 Ke7 27. Ra1 Rha8 28. Rxa3 Rxa3 29. Rb1 Kd6 30. Rb3 Ra1 31. Nd1 Bg4 32. Nc3 Nf8 33. Rb2 Ne6# 0-1

[Event "*** Titled Tuesday Blitz"]
[Site "Chess.com"]
[Date "2020.11.24"]
[Round "1"]
[White "EvgenyRomanov"]
[Black "Keures"]
[Result "1-0"]
[WhiteElo "2578"]
[BlackElo "2282"]
[TimeControl "180+1"]
[EndTime "10:20:37 PST"]
[Termination "EvgenyRomanov won by resignation"]

1. e4 e6 2. d4 d5 3. e5 c5 4. c3 Qb6 5. Nf3 Bd7 6. Be2 Bb5 7. O-O Bxe2 8. Qxe2 Qa6 9. Qe3 Nd7 10. Qf4 Ne7 11.
h4 h5 12. Re1 Nf5 13. Nbd2 cxd4 14. cxd4 Be7 15. a3 Rc8 16. Nf1 Qd3 17. Ng3 Nxg3 18. Qxg3 g6 19. Bg5 Bxg5 20. Qxg5 Qf5 21. Qe3 Nb6 22.
Rac1 Rc2 23. Qb3 Rxc1 24. Rxc1 O-O 25. Rc7 Rc8 26. Rxc8+ Nxc8 27. Qxb7 Qb1+ 28. Kh2 Qc1 29. g3 Qc2 30. Kg2 Nb6 31. Ng5 Qf5 32. b3 f6 33. Qf7+ 1-0

[Event "*** Titled Tuesday Blitz"]
[Site "Chess.com"]
[Date "2020.11.24"]
[Round "1"]
[White "Dinamo3"]
[Black "K_A_S_T_O_R"]
[Result "0-1"]
[WhiteElo "2403"]
[BlackElo "2788"]
[TimeControl "180+1"]
[EndTime "10:20:39 PST"]
[Termination "K_A_S_T_O_R won by resignation"]

1. e4 c5 2. Nf3 d6 3. d4 cxd4 4. Nxd4 Nf6 5. Nc3 a6 6. f3 e6 7. Be3 b5 8. Qd2 Nbd7 9. O-O-O Nb6 10. Bd3 Bb7 11. g4 Rc8 12. Kb1 Nfd7 13. Qf2 Rxc3 14.
bxc3 Qc7 15. Bxb5 axb5 16. Nxb5 Qc6 17. Na7 Qxc3 18. Rd3 Qa5 19. Rb3 Qxa7 20. Bxb6 Qa6 21. Rd1 Be7 22. Qd4 O-O 23. a4 Bc6 24. a5 d5 25.
exd5 Bxd5 26. Rc3 Nxb6 27. Qxb6 Qa8 28. Kc1 Bg5+ 29. Rd2 Bxf3 0-1

[Event "*** Titled Tuesday Blitz"]
[Site "Chess.com"]
[Date "2020.11.24"]
[Round "1"]
[White "Ladislav1969"]
[Black "GurevichMikhail"]
[Result "1-0"]
[WhiteElo "2342"]
[BlackElo "2601"]
[TimeControl "180+1"]
[EndTime "10:20:40 PST"]
[Termination "Ladislav1969 won by resignation"]

1. e4 d6 2. d4 Nf6 3. Nc3 g6 4.
g3 Bg7 5. Bg2 O-O 6. Nge2 e5 7.
O-O c6 8. h3 b5 9. a3 Bb7 10. Be3 Nbd7 11. Qd2 Re8 12. Bh6 a6 13.
Bxg7 Kxg7 14. dxe5 dxe5 15. Rad1 Qe7 16. g4 Nc5 17. Ng3 Ne6 18. g5 Ng8 19. h4 Rad8 20. Qe3 Qc5 21. Qf3 h5 22. Nf5+ gxf5 23. exf5 Nf4 24. f6+ Kf8 25. Ne2 Qc4 26. Nxf4 Qxf4 27.
Qxh5 Qf5 28. Qh8 1-0

[Event "*** Titled Tuesday Blitz"]
[Site "Chess.com"]
[Date "2020.11.24"]
[Round "1"]
[White "xberli"]
[Black "gumimis"]
[Result "1-0"]
[WhiteElo "2572"]
[BlackElo "2276"]
[TimeControl "180+1"]
[EndTime "10:20:40 PST"]
[Termination "xberli won by resignation"]

1. d4 Nf6 2. c4 c5 3. d5 b5 4.
cxb5 a6 5. f3 axb5 6. e4 b4 7.
e5 Ng8 8. Bc4 d6 9. f4 g6 10. Nf3 Bg7 11. O-O Nd7 12. Qe2 Nb6 13. Bb5+ Bd7 14. exd6 Bxb5 15. Qxb5+ Kf8 16. dxe7+ Nxe7 17.
Qxc5 Nxd5 18. Nbd2 Qb6 19. Nb3 Rc8 20. Qxb6 Nxb6 21. a4 bxa3 22. Rxa3 Nc4 23. Ra7 Bxb2 24. Bxb2 Nxb2 25. Ne5 Nc4 26. Nd4 Nxe5 27. fxe5 Rc5 28.
Ne6+ Kg8 29. Nxc5 1-0

[Event "*** Titled Tuesday Blitz"]
[Site "Chess.com"]
[Date "2020.11.24"]
[Round "1"]
[White "Evgeny81"]
[Black "CM_rui"]
[Result "1-0"]
[WhiteElo "2721"]
[BlackElo "2378"]
[TimeControl "180+1"]
[EndTime "10:20:41 PST"]
[Termination "Evgeny81 won by resignation"]

1. e4 e5 2. Nf3 Nc6 3. d4 exd4 4. Nxd4 Bc5 5. Nxc6 Qf6 6. Qf3 dxc6 7. Nc3 Be6 8. Be3 Qxf3 9. gxf3 Bxe3 10. fxe3 O-O-O 11. Rg1 g6 12. Rd1 Ne7 13. Rxd8+ Rxd8 14. Bd3 f5 15. exf5 Bxf5 16. Ke2 Be6 17. Ne4 Nd5 18. a3 Re8 19. Kf2 b6 20. h4 Kb7 21. h5 Bf5 22. hxg6 Bxg6 23. Re1 Rf8 24. Ng3 Nf6 25. Rh1 Ng4+ 26. Ke2 Ne5 27. f4 Nxd3 28. cxd3 c5 29. Rh4 Kc6 30. f5 Bxf5 31. Rf4 Kb5 32. Nxf5 Rg8 33.
e4 Rg2+ 34. Rf2 Rg1 35. e5 h5 36. e6 Rg6 37. e7 Re6+ 38. Kf3 h4 39. Re2 1-0

[Event "*** Titled Tuesday Blitz"]
[Site "Chess.com"]
[Date "2020.11.24"]
[Round "1"]
[White "FMOlexandrProhorov"]
[Black "Savva09022009"]
[Result "0-1"]
[WhiteElo "2172"]
[BlackElo "2521"]
[TimeControl "180+1"]
[EndTime "10:20:42 PST"]
[Termination "Savva09022009 won by resignation"]

1. e4 c5 2. c3 Nf6 3. e5 Nd5 4. Nf3 Nc6 5. Bc4 Nb6 6. Bb3 d5 7. d4 cxd4 8. cxd4 Bg4 9. Be3 e6 10. O-O Nc4 11. h3 Nxb2 12. Qe2 Bxf3 13. Qxf3 Nc4 14.
Nc3 Bb4 15. Rac1 O-O 16. Qg4 Kh8 17. Ne2 Bd2 18. Bxc4 Bxc1 19. Bd3 Bxe3 20. fxe3 f5 21. exf6 Rxf6 22. Rb1 Qe7 23. Nf4 Raf8 24. Qh5 Rh6 25. Qg4 b6 26. Kh2 Qd6 27. Kh1 e5 28. Ne2 e4 29.
Bb5 Rg6 30. Qh4 Qf6 31. Nf4 Qxh4 0-1

[Event "*** Titled Tuesday Blitz"]
[Site "Chess.com"]
[Date "2020.11.24"]
[Round "1"]
[White "German_Bazeev"]
[Black "VinzentSpitzl"]
[Result "1/2-1/2"]
[WhiteElo "2671"]
[BlackElo "2366"]
[TimeControl "180+1"]
[EndTime "10:20:43 PST"]
[Termination "Game drawn by agreement"]

1. d4 d5 2. Nf3 Nf6 3. c4 e6 4. g3 Bb4+ 5. Bd2 Be7 6. Bg2 O-O 7. O-O Nbd7 8. Qc2 Ne4 9. Nc3 Nxd2 10. Nxd2 c6 11.
e4 dxc4 12. Nxc4 Nb6 13. Nxb6 Qxb6 14. Rfd1 e5 15. dxe5 Bg4 16. Rd2 Rfd8 17. h3 Rxd2 18. Qxd2 Rd8 19. Qc2 Be6 20. Kh2 Qd4 21. f4 g5 22. Rd1 Qe3 23. Rxd8+ Bxd8 24. f5 Bc4 25. Nd1 Qd4 26. Nf2 b5 27. b3 Bb6 28. bxc4 Qxf2 29.
Qxf2 Bxf2 30. cxb5 cxb5 31. Bf1 Bd4 32. Bxb5 1/2-1/2